 Dungeon Crawl Stone Soup version 0.13.0-18-g7b03ea5 (webtiles) character file.

393 Ragg the Cudgeler (level 5, 0/33 HPs)
             Began as a Gargoyle Berserker on Oct 23, 2013.
             Was a Priest of Trog.
             Slain by a gnoll
             ... wielding a cursed -2,-3 halberd
              (10 damage)
             ... on Level 4 of the Dungeon.
             The game lasted 00:07:07 (2018 turns).

Ragg the Cudgeler (Gargoyle Berserker)              Turns: 2018, Time: 00:07:07

HP   0/33        AC 11     Str 20      XL: 5   Next: 28%
MP   4/4         EV 10     Int  8      God: Trog [***...]
Gold 247         SH  0     Dex 10      Spells:  0 memorised,  4 levels left

Res.Fire  : . . .   See Invis. : +   a - +0 mace
Res.Cold  : . . .   Warding    : .   p - +0 ring mail
Life Prot.: + . .   Conserve   : .   (no shield)
Res.Poison: +       Res.Corr.  : .   C - +0 horned helmet
Res.Elec. : +       Clarity    : .   h - +0 cloak
Sust.Abil.: . .     Spirit.Shd : .   (no gloves)
Res.Mut.  : .       Stasis     : .   (no boots)
Res.Rott. : +       Flight     : .   (no amulet)
Saprovore : . . .                    (no ring)
                                     q - ring of see invisible {unknown}

@: regenerating, quite resistant to hostile enchantments, extremely unstealthy
A: fangs 1, talons 2, life protection 1, electricity resistance, slow metabolism
1, unbreathing, petrification resistance, AC +4
a: Burn Spellbooks, Berserk, Trog's Hand, Renounce Religion


You were on level 4 of the Dungeon.
You worshipped Trog.
Trog was most pleased with you.
You were not hungry.

You visited 1 branch of the dungeon, and saw 4 of its levels.

You collected 227 gold pieces.

Inventory:

Hand weapons
 a - a +0,+0 mace (weapon)
Armour
 h - a +0 cloak (worn)
 p - a +0 ring mail (worn)
 C - a +0 horned helmet (worn)
Magical devices
 x - a wand of magic darts (11)
 y - a wand of disintegration (6)
 D - a wand of draining (2)
Comestibles
 c - 2 bread rations
 d - 16 grapes
 t - a choko
 z - a pear
Scrolls
 b - 2 scrolls of magic mapping {unknown}
 f - 2 scrolls of remove curse {unknown}
 g - 2 scrolls of enchant armour {unknown}
 i - 3 scrolls of identify {unknown}
 k - 2 scrolls of random uselessness {unknown}
 l - 2 scrolls of enchant weapon II {unknown}
 n - a scroll of curse jewellery {unknown}
 o - 2 scrolls of teleportation {unknown}
 r - a scroll of blinking {unknown}
 s - a scroll of curse armour {unknown}
 v - a scroll of fear {unknown}
 w - a scroll of amnesia {unknown}
 B - a scroll of curse weapon {unknown}
Jewellery
 q - a ring of see invisible (left hand) {unknown}
Potions
 e - 2 potions of might {unknown}
 j - 4 potions of heal wounds {unknown}
 m - 2 potions of curing {unknown}
 u - a potion of restore abilities {unknown}
 A - 2 potions of speed


   Skills:
 + Level 4.1 Fighting
 + Level 4.5 Maces & Flails
 + Level 3.0 Armour
 + Level 2.7 Dodging


You had 4 spell levels left.
You didn't know any spells.

Dungeon Overview and Level Annotations

Branches:
Dungeon (4/27)
 Temple: D:4-7

Altars:


Innate Abilities, Weirdness & Mutations

You are resistant to torment.
You are immune to poison.
Your stone body is very resilient (AC +4).
You have very sharp teeth.
You have razor-sharp toenails.
You resist negative energy.
You are resistant to electric shocks.
You have a slow metabolism.
You can survive without breathing.
You are immune to petrification.


Message History

* * * LOW HITPOINT WARNING * * *
You are too injured to fight recklessly!
You are too injured to fight recklessly!
You are too injured to fight recklessly!
You are too injured to fight recklessly!
You are too injured to fight recklessly!
You are too injured to fight recklessly!
You are too injured to fight recklessly!
You are too injured to fight recklessly!
You are too injured to fight recklessly!
You are too injured to fight recklessly!
You are too injured to fight recklessly!
You are too injured to fight recklessly!
You are too injured to fight recklessly!
You are too injured to fight recklessly!
Use which ability? (? or * to list)
Your skin crawls.
You feel resistant to hostile enchantments.
You feel slightly more hungry. The gnoll hits you with a halberd!
You die...

#####.+ #............
#.##+###............
#.....).............
#........)...........
#...(..........#####
#..............#
#...########...#
#...# #...# #...#
+@..# #...# #g..#
#...# #g..# #...#
#...# ....+ #...# ...
#...# #.... ......
..!


You could see 2 gnolls.

Vanquished Creatures
  2 adders
  5 gnolls
  2 giant mites
  A giant gecko (D:3)
  An orc (D:3)
  A giant cockroach (D:2)
  16 goblins
  9 hobgoblins
  6 jackals
  A quokka (D:2)
  2 ball pythons (D:2)
  8 bats
  A giant newt (D:2)
  5 kobolds
  A kobold zombie (D:3)
  5 rats
66 creatures vanquished.

Notes
Turn   | Place    | Note
--------------------------------------------------------------
     0 | D:1      | Ragg, the Gargoyle Berserker, began the quest for the Orb.
     0 | D:1      | Reached XP level 1. HP: 14/14 MP: 0/0
   176 | D:1      | Reached XP level 2. HP: 17/19 MP: 1/1
   338 | D:1      | Reached skill level 4 in Maces & Flails
   338 | D:1      | Reached XP level 3. HP: 17/24 MP: 2/2
   358 | D:1      | Acquired Trog's second power
  1039 | D:2      | Reached XP level 4. HP: 19/28 MP: 3/3
  1708 | D:3      | Reached XP level 5. HP: 18/33 MP: 4/4
  2018 | D:4      | Slain by a gnoll

Action                   |  1- 3 |  4- 6 || total
-------------------------+-------+-------++-------
Melee: Mace              |    93 |    71 ||   164
Invok: Trog's Hand       |       |     1 ||     1
Evoke: Wand              |       |     3 ||     3
